[Event "*** Titled Tuesday Blitz"]
[Site "Chess.com"]
[Date "2020.11.10"]
[Round "9"]
[White "IMRosen"]
[Black "atalz0"]
[Result "1-0"]
[WhiteElo "2566"]
[BlackElo "2408"]
[TimeControl "180+1"]
[EndTime "11:52:36 PST"]
[Termination "IMRosen won on time"]

1. d4 Nf6 2. Bf4 e6 3. e3 d5 4. Nd2 Bd6 5. Bg3 O-O 6. Ngf3 c5 7. c3 Nc6 8. Bb5 Be7 9. dxc5 Bxc5 10. Bh4 Be7 11.
Bd3 e5 12. e4 Nxe4 13. Bxe7 Qxe7 14. Nxe4 dxe4 15. Bxe4 f5 16. Bd5+ Be6 17. Bxe6+ Qxe6 18. Ng5 Qc4 19. Qb3 Na5 20. Qxc4+ Nxc4 21. O-O-O Rad8 22. Ne6 Rxd1+ 23. Rxd1 Re8 24. Nc7 Rc8 25. Nd5 Kf7 26. b3 Na5 27. c4 b5 28. Nc3 bxc4 29.
b4 Nc6 30. Rd7+ Ke6 31. Rxg7 Nxb4 32. Rxa7 Nd3+ 33. Kc2 Nxf2 34. Rxh7 e4 35. Rh6+ Ke5 36. Ne2 Ng4 37. Ra6 e3 38. Ra5+ Ke4 39. Ng3+ Kd4 40. Nxf5+ Ke4 41. Ng3+ Kd4 42. Ne2+ Ke4 43. h3 Ne5 44.
Nc3+ Kf4 45. g3+ Kxg3 46. Rxe5 Kf2 47. Nd1+ 1-0

[Event "*** Titled Tuesday Blitz"]
[Site "Chess.com"]
[Date "2020.11.10"]
[Round "9"]
[White "GalperinPlaton"]
[Black "albi1999"]
[Result "0-1"]
[WhiteElo "2863"]
[BlackElo "2584"]
[TimeControl "180+1"]
[EndTime "11:52:37 PST"]
[Termination "albi1999 won on time"]

1. Nf3 d5 2. e3 Nf6 3. c4 e6 4. b3 Bd6 5. Bb2 O-O 6. Nc3 b6 7.
g4 Bb7 8. g5 Ne4 9. Rg1 Nd7 10.
h4 f5 11. gxf6 Ndxf6 12. Nxe4 dxe4 13. Ng5 Qe7 14. Bh3 e5 15. Qc2 Kh8 16. Rc1 c5 17. Bf5 h6 18. Rh1 Nh5 19. Bxe4 hxg5 20. hxg5 g6 21.
Bd5 Bxd5 22. cxd5 Kg7 23. f4 Ng3 24. Rh3 Nf5 25. Qe4 Rae8 26. Ke2 Rh8 27. Rch1 Rxh3 28. Rxh3 Kg8 29. Rh6 Qf7 30. Kf3 Nxh6 31. gxh6 Qf5 32. d3 Qxe4+ 33. dxe4 exf4 34. exf4 Kh7 35. e5 Bf8 36.
Ke4 Kxh6 37. f5 gxf5+ 38. Kxf5 Kg7 39. e6+ Kg8 40. Be5 b5 41. d6 c4 42. bxc4 bxc4 43.
d7 Ra8 44. Bf6 Bb4 0-1

[Event "*** Titled Tuesday Blitz"]
[Site "Chess.com"]
[Date "2020.11.10"]
[Round "9"]
[White "indfraeng"]
[Black "tsaruk_maks"]
[Result "1-0"]
[WhiteElo "2425"]
[BlackElo "2609"]
[TimeControl "180+1"]
[EndTime "11:52:41 PST"]
[Termination "indfraeng won on time"]

1. d4 Nf6 2. c4 e6 3. g3 d5 4.
Bg2 dxc4 5. Qa4+ Nbd7 6. Qxc4 Be7 7. Nf3 a6 8. Be3 O-O 9. Qc2 Nd5 10. Bd2 b5 11. e4 Nb4 12. Bxb4 Bxb4+ 13. Nbd2 Bb7 14.
a3 Be7 15. Nb3 c5 16. Nxc5 Nxc5 17. dxc5 a5 18. O-O a4 19. c6 Rc8 20. Ne5 Bf6 21.
Rad1 Qb6 22. Nd7 Qxc6 23. Qxc6 Bxc6 24. Nxf8 Kxf8 25. Rd2 Be8 26. f4 e5 27. Bh3 Rb8 28. Rc1 b4 29. Rc8 Rxc8 30. Bxc8 exf4 31. gxf4 bxa3 32. bxa3 Be7 33. Bd7 Bxa3 34. Kg2 Bc5 35.
Rd5 Be7 36. Bxe8 Kxe8 37. e5 a3 38. Ra5 g6 39. Kf3 Kd7 40. Ke4 Bb4 41. Ra4 Bc5 42. Kd5 Bf8 43. Ra7+ Ke8 44. Ra8+ Ke7 45. Rxa3 Bh6 46.
Ra7+ Kf8 47. Ra4 Bg7 48. e6 fxe6+ 49. Kxe6 Bc3 50. Ra7 Kg8 51. h3 Bb2 52. h4 Bd4 53.
Rd7 Be3 54. Ke5 Bc1 55. h5 Bb2+ 56. Ke6 Bc3 57. h6 Ba5 58. Ra7 Bd8 59. Ra8 1-0

[Event "*** Titled Tuesday Blitz"]
[Site "Chess.com"]
[Date "2020.11.10"]
[Round "9"]
[White "Atousa1"]
[Black "Nikolaj_6"]
[Result "0-1"]
[WhiteElo "2412"]
[BlackElo "2586"]
[TimeControl "180+1"]
[EndTime "11:52:41 PST"]
[Termination "Nikolaj_6 won by resignation"]

1. e4 c5 2. Nf3 e6 3. d4 cxd4 4.
Nxd4 Nc6 5. Nc3 a6 6. Nxc6 bxc6 7. Bd3 d5 8. Qf3 Nf6 9. Qg3 g6 10. O-O Bg7 11. Bg5 h6 12. Bxf6 Qxf6 13. Qd6 Bd7 14. exd5 cxd5 15. Bxa6 Qe7 16. Qxe7+ Kxe7 17. Bd3 Rhb8 18.
Nd1 Bxb2 19. Nxb2 Rxb2 20. a3 Bb5 21. Bxb5 Rxb5 22. Ra2 Ra4 23. Rfa1 d4 24. Kf1 Re5 25.
f3 Kd6 26. Rb1 Rc5 27. Rb4 Rxb4 28. axb4 Rb5 29. Ra7 f5 30. Rg7 g5 31. Rg6 Rxb4 32.
Ke2 Rb1 33. Rxh6 Rg1 34. g3 Rg2+ 35. Kd3 Ke5 36. Rh8 Rf2 37. f4+ gxf4 38. gxf4+ Rxf4 39. h4 Rf3+ 40. Ke2 Rc3 41. Kd2 Rh3 42. h5 Kf4 43. h6 e5 44. h7 e4 45. Ke2 Rh2+ 46. Kf1 e3 47. Kg1 Rh6 48. Kg2 Rg6+ 49. Kf1 Rg7 50. Ke2 Rd7 51. Kd3 Re7 52. Ke2 Rc7 53. Kd3 Rd7 54. Ke2 Rg7 55. Rd8 Rxh7 56. Rxd4+ Ke5 57. Rd8 Rh3 58. Re8+ Kf4 59. c4 Rh2+ 60. Kd3 Rd2+ 61. Kc3 Rd1 62. c5 Kf3 63. c6 f4 64.
c7 Rc1+ 65. Kd3 Rxc7 0-1

[Event "*** Titled Tuesday Blitz"]
[Site "Chess.com"]
[Date "2020.11.10"]
[Round "9"]
[White "MariaFominykh"]
[Black "dennisodessa"]
[Result "0-1"]
[WhiteElo "2349"]
[BlackElo "2458"]
[TimeControl "180+1"]
[EndTime "11:52:41 PST"]
[Termination "dennisodessa won by resignation"]

1. d4 Nf6 2. Nf3 e6 3. e3 b6 4. Be2 Bb7 5. O-O Be7 6. b3 O-O 7. Bb2 c5 8. c4 d5 9. Nc3 Nbd7 10.
cxd5 Nxd5 11. Rc1 N7f6 12. Ne5 Rc8 13. Nxd5 Bxd5 14. Bf3 Qc7 15. dxc5 bxc5 16. Nc4 Qb7 17. Bxf6 Bxf3 18. Qxf3 Qxf3 19. gxf3 gxf6 20. Rfd1 Rfd8 21. Kf1 Kf8 22. Ke2 Ke8 23. Rg1 Bf8 24. Rcd1 Rxd1 25. Rxd1 Rd8 26. Rxd8+ Kxd8 27. Kd3 Kc7 28. Nd2 Be7 29.
Kc4 Kc6 30. f4 f5 31. f3 Bd6 32. Nf1 Be7 33. Ng3 Bh4 34. Ne2 Bf2 35. e4 fxe4 36.
fxe4 f5 37. exf5 exf5 38. Ng3 Bxg3 39. hxg3 a6 40. a3 Kd6 41. a4 Kc6 42. a5 Kd6 43. Kc3 Kd5 44. Kd3 h5 45. Kc3 Kd6 46. Kc4 Kc6 47.
b4 cxb4 48. Kxb4 Kd5 49. Kc3 Kc5 50. Kd3 Kd5 51. Kc3 Ke4 52. Kc4 Kf3 53. Kc5 Kxg3 54. Kb6 h4 55. Kxa6 h3 56. Kb6 h2 57. a6 h1=Q 0-1

[Event "*** Titled Tuesday Blitz"]
[Site "Chess.com"]
[Date "2020.11.10"]
[Round "9"]
[White "vladimirssvesnikovs"]
[Black "eljanov"]
[Result "1/2-1/2"]
[WhiteElo "2346"]
[BlackElo "2770"]
[TimeControl "180+1"]
[EndTime "11:52:42 PST"]
[Termination "Game drawn - insufficient material"]

1. e4 c6 2. d4 d5 3. exd5 cxd5 4. c3 Bf5 5. Bf4 e6 6. Bd3 Bxd3 7. Qxd3 Nc6 8. Nd2 Nf6 9. Ngf3 Nh5 10. Be5 f6 11. Bg3 Qd7 12. O-O Nxg3 13. hxg3 g5 14. Rfe1 O-O-O 15. b4 Kb8 16. b5 Na5 17. Re2 Bd6 18. Rae1 Rhe8 19. g4 Rc8 20. a4 Qf7 21. g3 h5 22.
gxh5 Qxh5 23. Kg2 Rh8 24. Ng1 g4 25. Rxe6 Qh1+ 26. Kf1 Rh2 27. Qf5 Bxg3 28. R1e2 Qg2+ 29. Ke1 Qxg1+ 30. Nf1 Bxf2+ 31. Rxf2 Rxf2 32. Qxf2 Qxf2+ 33. Kxf2 Rxc3 34. Ne3 g3+ 35. Kg2 Ra3 36. Nxd5 Kc8 37. Nxf6 Rxa4 38. d5 Nc4 39. d6 Nxd6 40. Rxd6 Rb4 41.
Rd5 a6 42. Kxg3 Rxb5 43. Rxb5 axb5 44. Kf4 Kc7 45. Nd5+ Kc6 46. Ke4 Kc5 47. Ne3 b4 48. Kd3 b5 49. Kc2 b3+ 50. Kxb3 Kd4 51. Nc2+ Ke4 52.
Kb4 Kf5 53. Kxb5 1/2-1/2

[Event "*** Titled Tuesday Blitz"]
[Site "Chess.com"]
[Date "2020.11.10"]
[Round "9"]
[White "chessmachine14"]
[Black "grandcoach"]
[Result "1/2-1/2"]
[WhiteElo "2285"]
[BlackElo "2112"]
[TimeControl "180+1"]
[EndTime "11:52:42 PST"]
[Termination "Game drawn by repetition"]

1. e4 c5 2. Nf3 Nc6 3. d4 cxd4 4. Nxd4 e5 5. Nb5 d6 6. c4 Be7 7. g3 f5 8. Bg2 f4 9. gxf4 Nf6 10. fxe5 Nxe5 11. Bf4 O-O 12. Bxe5 dxe5 13. Qxd8 Rxd8 14. N1c3 Bb4 15. O-O Bxc3 16. Nxc3 Nh5 17. Nd5 Bg4 18. f3 Be6 19. Nc7 Bxc4 20. Rfc1 Rac8 21. Rxc4 Nf4 22.
Rb1 Rd7 23. Bf1 Rcxc7 24. Rbc1 Rxc4 25. Rxc4 h5 26. Rc8+ Kh7 27. Rc5 Rd2 28. Rxe5 Rxb2 29. Rf5 Ne2+ 30. Bxe2 Rxe2 31. Rxh5+ Kg6 32. Ra5 a6 33. h4 Rb2 34. Rg5+ Kf6 35. Rg2 Rb5 36. Kf2 a5 37. Ke3 a4 38. Kf4 a3 39. Rg5 Rb2 40. Rf5+ Kg6 41. Rg5+ Kf6 42. Rf5+ Kg6 43. Rg5+ Kf7 44.
Rf5+ Ke7 45. Rg5 Kf7 46. Rf5+ Kg6 1/2-1/2

[Event "*** Titled Tuesday Blitz"]
[Site "Chess.com"]
[Date "2020.11.10"]
[Round "9"]
[White "karwowskikacper"]
[Black "Anna_ChessMate"]
[Result "0-1"]
[WhiteElo "2427"]
[BlackElo "2604"]
[TimeControl "180+1"]
[EndTime "11:52:43 PST"]
[Termination "Anna_ChessMate won by resignation"]

1. e4 c6 2. d4 d5 3. exd5 cxd5 4.
c4 Nf6 5. Nc3 Nc6 6. Nf3 Bg4 7. cxd5 Nxd5 8. Qb3 Bxf3 9. gxf3 Nb6 10.
d5 Nd4 11. Qd1 e5 12. dxe6 fxe6 13. Bb5+ Nxb5 14. Qxd8+ Rxd8 15. Nxb5 Bb4+ 16. Ke2 O-O 17. Be3 Nc4 18. Rhd1 a6 19. Nd4 Kf7 20. b3 Ne5 21.
Rac1 Rd7 22. h3 h6 23. f4 Ng6 24. f5 exf5 25. Nxf5 Rfd8 26. Rxd7+ Rxd7 27. Rd1 Rxd1 28. Kxd1 Kf6 29. Ng3 Nh4 30. Bd4+ Kf7 31. Ke2 g5 32. Be5 Kg6 33. Bc7 h5 34. Ne4 Nf5 35. Bd8 Nd4+ 36.
Kd3 Ne6 37. Bb6 Nf4+ 38. Kc4 Be1 39. Nd6 Nxh3 40. f3 Nf4 41. Nxb7 h4 42. Bg1 h3 43.
Nc5 Ne2 44. Bh2 Bg3 45. Ne4 Bxh2 46. Nf2 Nf4 47. b4 Bg1 48. Nh1 h2 49. a4 Ne2 50. b5 axb5+ 51. axb5 Kf5 52. Kd3 Nd4 53. b6 Nc6 54. b7 Kf4 55. Ke2 Nb8 56. Kf1 Kxf3 57.
Nf2 g4 58. Nh1 g3 59. Nf2 g2+ 60. Ke1 Bxf2+ 61. Kd1 0-1

[Event "*** Titled Tuesday Blitz"]
[Site "Chess.com"]
[Date "2020.11.10"]
[Round "9"]
[White "VladimirBugayev"]
[Black "jens1102"]
[Result "0-1"]
[WhiteElo "2247"]
[BlackElo "2380"]
[TimeControl "180+1"]
[EndTime "11:52:43 PST"]
[Termination "jens1102 won on time"]

1. e4 e5 2. Nf3 Nc6 3. d4 exd4 4. Nxd4 Nf6 5. Nxc6 bxc6 6. e5 Qe7 7. Qe2 Nd5 8. h4 d6 9. c4 Nb6 10. exd6 cxd6 11.
Bg5 Qxe2+ 12. Bxe2 Be6 13. b3 Be7 14. Nc3 h6 15. Bxe7 Kxe7 16. O-O-O Rhd8 17. Rhe1 Nd7 18. f4 Nf6 19. g4 Kf8 20. f5 Bc8 21. Bf3 Bb7 22. Re3 d5 23. g5 d4 24. Red3 hxg5 25. hxg5 Nh7 26. g6 Ng5 27. Na4 Nxf3 28. Rxf3 c5 29.
Rh3 Rac8 30. Rh8+ Ke7 31. Rxd8 Kxd8 32. f6 fxg6 33. fxg7 Ke7 34. Nxc5 Bc6 35. Rxd4 Kf7 36. Nd3 Kxg7 37. Ne5 Kf6 38. Nxc6 Rxc6 39. Kd2 Re6 40. c5 Ke5 41. Kd3 Rf6 42. Kc4 g5 43.
Rd5+ Ke4 44. Rxg5 Rf1 45. a4 a5 46. Rg8 Rc1+ 47. Kb5 Rc3 48. Rg4+ Kd5 0-1

[Event "*** Titled Tuesday Blitz"]
[Site "Chess.com"]
[Date "2020.11.10"]
[Round "9"]
[White "GM_Crest"]
[Black "AldokhinIvan"]
[Result "0-1"]
[WhiteElo "2688"]
[BlackElo "2574"]
[TimeControl "180+1"]
[EndTime "11:52:45 PST"]
[Termination "AldokhinIvan won on time"]

1. d4 Nf6 2. c4 g6 3. Nc3 Bg7 4. e4 d6 5. Nf3 O-O 6. Be2 Nc6 7. Be3 Re8 8. d5 Nb4 9. O-O e6 10. Nd2 a5 11. a3 Na6 12. Rb1 exd5 13. cxd5 Nc5 14. Qc2 Ng4 15. Bxg4 Bxg4 16. f3 Bd7 17. b4 axb4 18. axb4 Na4 19. Nxa4 Bxa4 20. Qd3 Bd7 21. Rfc1 f5 22. Bd4 Bh6 23. Re1 Ra2 24. Rb2 Qa8 25.
h3 Qa4 26. Rxa2 Qxa2 27. Be3 Bg7 28. Bd4 Bb5 29. Qc3 Bxd4+ 30. Qxd4 Qc2 31. Nf1 Bxf1 32.
Rxf1 fxe4 33. Re1 e3 34. Rxe3 Rxe3 35. Qxe3 Qd1+ 36. Kf2 Qxd5 37. Qe7 Qf7 38. Qd8+ Kg7 39. b5 Qa2+ 40. Kg3 Qf7 41. h4 h6 42. Kf2 h5 43.
Kg3 d5 44. Qc8 Qe7 0-1

[Event "*** Titled Tuesday Blitz"]
[Site "Chess.com"]
[Date "2020.11.10"]
[Round "9"]
[White "CraiggoryC"]
[Black "niki_2003"]
[Result "1-0"]
[WhiteElo "2202"]
[BlackElo "1952"]
[TimeControl "180+1"]
[EndTime "11:52:46 PST"]
[Termination "CraiggoryC won by resignation"]

1. e4 c5 2. Nf3 d6 3. d4 cxd4 4.
Nxd4 Nf6 5. Nc3 g6 6. Be3 Bg7 7. f3 O-O 8. Qd2 Nc6 9. Bc4 Bd7 10. O-O-O Rc8 11. Bb3 Ne5 12. h4 Nc4 13. Bxc4 Rxc4 14. h5 Nxh5 15. g4 Nf4 16. Qh2 h6 17. Bxf4 e5 18.
Bxh6 Rxd4 19. Bxg7 Qg5+ 20. Kb1 Kxg7 21. Qh7+ Kf6 22. Rxd4 exd4 23. Nd5+ Ke6 24. Qg7 Rc8 25. f4 Ba4 26. fxg5 Bxc2+ 27. Ka1 Bxe4 28. Qf6+ Kxd5 29.
Rd1 d3 30. Qxf7+ Kd4 31. Qf6+ Ke3 32. Qxd6 Ke2 33. Rg1 d2 34. Qh2+ Ke3 35. Qg3+ Bf3 36. Qe5+ Kf2 37. Qd4+ Ke2 38. Rb1 Rc1 39. Qe5+ Kf2 40.
Qf4 d1=Q 41. Rxc1 Qd3 42. Qh2+ Bg2 43. Qg1+ Kg3 44. Rc3 Qxc3 45. bxc3 Kxg4 46. Kb2 Kg3 47. Qxa7 Bf3 48. Qb6 Kg4 49. Qf6 Be4 50. c4 Bf5 51.
Kc3 Kh4 52. Kd4 Kh5 53. c5 Bc8 54. Ke5 1-0

[Event "*** Titled Tuesday Blitz"]
[Site "Chess.com"]
[Date "2020.11.10"]
[Round "9"]
[White "Manukyan_Artak"]
[Black "26andrej26"]
[Result "1-0"]
[WhiteElo "2370"]
[BlackElo "2526"]
[TimeControl "180+1"]
[EndTime "11:52:47 PST"]
[Termination "Manukyan_Artak won on time"]

1. e4 c6 2. d4 d5 3. e5 Bf5 4. c4 e6 5. Nc3 Ne7 6. Qb3 Qc8 7. Nf3 Ng6 8. cxd5 cxd5 9. Be3 Nc6 10. Rc1 a6 11. Be2 Be7 12. O-O O-O 13. Na4 Qd7 14. Nb6 Qc7 15. Nxa8 Rxa8 16. Bd3 Bxd3 17. Qxd3 Qb6 18.
a3 Na5 19. b4 Nc4 20. Nd2 Nxd2 21. Qxd2 a5 22. bxa5 Rxa5 23. Rb1 Qa6 24. Rxb7 Rxa3 25.
Rb8+ Nf8 26. Bg5 Ra2 27. Qf4 Ra1 28. Rbb1 Rxb1 29. Rxb1 Qa2 30. Rf1 Bb4 31. Qc1 h6 32.
Be3 Ng6 33. Qc8+ Kh7 34. Qe8 Qa7 35. Rb1 Qa2 36. Rf1 Qa7 37. g3 Ne7 38. Rb1 Qa3 39. Qxf7 Nf5 40. Bf4 Nxd4 41. Rd1 Bc3 42. Be3 Qb4 43.
Bxd4 Bxd4 44. Qxe6 Qc4 45. Qf5+ Kg8 46. e6 Bf6 47. Qxd5 Qc2 48. e7+ Kh7 49. e8=Q 1-0

[Event "*** Titled Tuesday Blitz"]
[Site "Chess.com"]
[Date "2020.11.10"]
[Round "9"]
[White "Skat2704"]
[Black "ViktoriyaTarasova"]
[Result "1/2-1/2"]
[WhiteElo "2389"]
[BlackElo "2262"]
[TimeControl "180+1"]
[EndTime "11:52:50 PST"]
[Termination "Game drawn by repetition"]

1. d4 Nf6 2. c4 e6 3. g3 d5 4. Nf3 Bb4+ 5. Bd2 Be7 6. Bg2 O-O 7. O-O c6 8. Qc2 b6 9. Bf4 Nh5 10.
Bc1 Bb7 11. Nbd2 Nf6 12. e4 dxe4 13. Nxe4 Nxe4 14. Qxe4 Nd7 15. Ne5 Nxe5 16. dxe5 Qc7 17. b3 Rad8 18. Bb2 Ba8 19. Qe2 c5 20. Rfd1 Bxg2 21.
Kxg2 Qc6+ 22. Kg1 h6 23. a4 Rxd1+ 24. Rxd1 Qc7 25. Rd3 Rd8 26. Qd1 Rxd3 27. Qxd3 Qd8 28. Qxd8+ Bxd8 29. Kg2 Kf8 30. Kf3 h5 31. Ke4 g6 32. f4 Ke8 33. h3 Kd7 34. g4 hxg4 35.
hxg4 a6 36. f5 gxf5+ 37. gxf5 exf5+ 38. Kxf5 Bh4 39. Bc3 Ke7 40. Bd2 Kd7 41. Be3 a5 42. Bh6 Ke7 43. Bg7 Kd7 44. Bf8 Bd8 45. Bh6 Bh4 46. Bg7 Bd8 47. Bf6 Bc7 48. Bg5 Ke8 49. Ke4 Kd7 50. Kd5 Bb8 51. Bh6 Bc7 52. Bg7 Bd8 53.
Bf8 Bh4 54. Bd6 Bd8 55. Bb8 Kc8 56.
Bd6 Kd7 57. Bf8 Bh4 58. Bg7 Bd8 59. Bh6 Bh4 60. Bf8 Bd8 61. Bh6 Bh4 62. Bf8 Bd8 63.
Bh6 1/2-1/2

[Event "*** Titled Tuesday Blitz"]
[Site "Chess.com"]
[Date "2020.11.10"]
[Round "9"]
[White "annacramling"]
[Black "beto-betun"]
[Result "0-1"]
[WhiteElo "2023"]
[BlackElo "2196"]
[TimeControl "180+1"]
[EndTime "11:52:53 PST"]
[Termination "beto-betun won on time"]

1. d4 Nf6 2. c4 g6 3. Nc3 Bg7 4.
e4 d6 5. h3 O-O 6. Bg5 Nbd7 7.
Nf3 e5 8. d5 h6 9. Be3 b6 10. Be2 Nc5 11. Qc2 a5 12. g4 Bd7 13.
O-O-O a4 14. Rdg1 a3 15. b3 c6 16. g5 hxg5 17. dxc6 Bxc6 18. Nxg5 b5 19. cxb5 Bd7 20. h4 Rc8 21. Bc4 d5 22. exd5 Bf5 23. Qd2 Nfe4 24. Ngxe4 Nxe4 25. Nxe4 Bxe4 26. Rh3 Bxd5 27. Bg5 f6 28.
Be3 Bxc4 29. bxc4 Rxc4+ 30. Kd1 Qxd2+ 31. Kxd2 Rd8+ 32. Ke2 Rc2+ 33. Kf3 Rxa2 34. b6 Rb2 35. Ra1 a2 36. Rhh1 f5 37. Rhc1 f4 38. Bc5 e4+ 39. Kg2 e3 40. Kf1 Rxf2+ 41. Ke1 Bxa1 42. Rxa1 Rdd2 43. b7 Rb2 44. b8=Q+ Rxb8 45. Bd4 Rd8 46. Be5 Rdd2 47. Bc3 Rh2 48. Bxd2 Rxd2 49. Kf1 Kf7 50.
Ke1 Kf6 51. Kf1 Kf5 52. Rc1 Kg4 53. Ke1 f3 54. Kf1 Kxh4 55. Ke1 Kg3 56. Kf1 Rf2+ 57. Ke1 Rg2 0-1

[Event "*** Titled Tuesday Blitz"]
[Site "Chess.com"]
[Date "2020.11.10"]
[Round "9"]
[White "kamilianin235"]
[Black "IsuruAlahakoon"]
[Result "1-0"]
[WhiteElo "2205"]
[BlackElo "2395"]
[TimeControl "180+1"]
[EndTime "11:52:54 PST"]
[Termination "kamilianin235 won on time"]

1. e4 d5 2. exd5 Qxd5 3. Nc3 Qa5 4. b4 Qxb4 5. Rb1 Qd6 6. Nf3 c6 7. d4 Nf6 8. g3 Nbd7 9. Bg2 e6 10. O-O Qc7 11.
Re1 Be7 12. Bf4 Qd8 13. Qe2 O-O 14. h4 Nd5 15. Nxd5 cxd5 16. c4 dxc4 17. Qxc4 Nb6 18.
Qb3 Nd5 19. Bd2 b6 20. Ne5 Bb7 21. Rbc1 Rc8 22. Rxc8 Qxc8 23. Rc1 Qa8 24. a4 Rd8 25. a5 f6 26. Nd3 Kf7 27. Re1 Rd6 28. Nb4 Nxb4 29.
Bxb4 Bxg2 30. Bxd6 Bd5 31. Qa3 Bh1 32. Kf1 Qg2+ 33.
Ke2 Qe4+ 34. Kf1 Qg2+ 35. Ke2 Bxd6 36. Qxd6 Qe4+ 37. Kd2 Qd5 38. Qxd5 Bxd5 39. axb6 axb6 40. Rb1 Kg6 41. Rxb6 Kf5 42. Ke3 h6 43. Rb7 g5 44.
hxg5 hxg5 45. f3 g4 46. f4 Kg6 47. Rb8 f5 48. Rb6 Kf6 49. Kd3 Be4+ 50. Kc4 Bd5+ 51. Kc5 Ke7 52. Ra6 Kd7 53. Ra7+ Ke8 54. Kd6 Kf8 55.
Re7 1-0

[Event "*** Titled Tuesday Blitz"]
[Site "Chess.com"]
[Date "2020.11.10"]
[Round "9"]
[White "Paladin61"]
[Black "DishonorOnYourCow"]
[Result "0-1"]
[WhiteElo "2515"]
[BlackElo "2399"]
[TimeControl "180+1"]
[EndTime "11:52:54 PST"]
[Termination "DishonorOnYourCow won on time"]

1. b3 d5 2. Bb2 c5 3. e3 Nf6 4. Nf3 g6 5. Bb5+ Bd7 6. Bxf6 exf6 7. Bxd7+ Qxd7 8. O-O Nc6 9. c3 Bd6 10. d4 cxd4 11.
cxd4 f5 12. Nc3 Bb4 13. Rc1 O-O 14. Ng5 Ba3 15. Rb1 Be7 16. Nh3 Rac8 17. Nf4 Nb4 18.
Qd2 Bg5 19. Nce2 Nc6 20. Rfc1 Ne7 21. Qa5 a6 22. g3 Rxc1+ 23. Rxc1 Rc8 24. Rxc8+ Qxc8 25.
Nxd5 Nxd5 26. Qxd5 Qc2 27. Nf4 Bxf4 28. gxf4 Qxa2 29.
Qxb7 a5 30. Qb8+ Kg7 31. Qe5+ Kg8 32. h3 Qxb3 33. Qxa5 Qb1+ 34. Kh2 Qc2 35. Qa8+ Kg7 36. Qg2 Qd2 37. Kg3 Qd1 38. Kh2 h5 39. Qd5 Qd2 40.
Kg2 h4 41. Qe5+ Kh7 42. Qe7 Kg7 43. Qxh4 Qd3 44. Qg3 Qe4+ 45. Qf3 Qd3 46. Qd5 g5 47. fxg5 Kg6 48. h4 Kh5 49. Qxf7+ Kxh4 50. g6 Qe4+ 51.
Kh2 Qf3 52. Qf6+ Kh5 0-1

[Event "*** Titled Tuesday Blitz"]
[Site "Chess.com"]
[Date "2020.11.10"]
[Round "9"]
[White "Yashasd1995"]
[Black "124chess"]
[Result "0-1"]
[WhiteElo "2560"]
[BlackElo "2723"]
[TimeControl "180+1"]
[EndTime "11:52:55 PST"]
[Termination "124chess won by resignation"]

1. b3 d5 2. Bb2 Bg4 3. d4 Nf6 4. Nd2 e6 5. Ngf3 Bd6 6. e3 O-O 7. Be2 Nbd7 8. O-O c6 9. c4 Qe7 10. Ne5 Bxe2 11. Qxe2 Rfd8 12. f4 a5 13. a3 c5 14. Nd3 Ne4 15. Rfd1 Nxd2 16. Rxd2 cxd4 17. exd4 Nf6 18. g3 Ne4 19. Rc2 f5 20. c5 Bc7 21.
b4 Qe8 22. Nf2 axb4 23. axb4 Rxa1+ 24. Bxa1 Ra8 25. Ra2 h6 26. Nxe4 fxe4 27. Bc3 Kh7 28. Rxa8 Qxa8 29. b5 Qa3 30. Qb2 Qa4 31. b6 Qd1+ 32. Kg2 Qf3+ 33. Kg1 Bd8 34. Be1 e3 35. c6 bxc6 36. b7 Bc7 37. Qc2+ Kg8 38. Qxc6 e2 39. Qxe6+ Kh7 40. Qf5+ Kg8 41. Bf2 Qb3 42. Qc8+ Kh7 43. Qxc7 Qd1+ 44. Kg2 Qf1+ 45. Kf3 e1=Q 46. Qc2+ Qe4+ 47.
Qxe4+ dxe4+ 48. Kxe4 Qb1+ 49. Ke5 Qxb7 50. d5 Qb2+ 51. Bd4 Qe2+ 52. Kf5 g6+ 53. Kf6 Qe4 54. Be5 Qxd5 55. f5 Qd8+ 56. Ke6 Qc8+ 0-1

[Event "*** Titled Tuesday Blitz"]
[Site "Chess.com"]
[Date "2020.11.10"]
[Round "9"]
[White "exoticprincess"]
[Black "Zkid"]
[Result "0-1"]
[WhiteElo "2877"]
[BlackElo "2799"]
[TimeControl "180+1"]
[EndTime "11:52:56 PST"]
[Termination "Zkid won on time"]

1. b3 e5 2. Bb2 Nc6 3. Nf3 d6 4. d4 exd4 5. Nxd4 Bd7 6. e3 Nf6 7. Nc3 g6 8. Qd2 Bg7 9. O-O-O Qe7 10. Ndb5 Be6 11. Kb1 O-O-O 12. Be2 Rhg8 13. Bf3 d5 14. Ba3 Qd7 15. Bb2 Kb8 16. h3 a6 17. Nd4 Nxd4 18.
exd4 Bf5 19. g4 Ne4 20. Qf4 Nxc3+ 21. Bxc3 Qc6 22. Kb2 Be4 23. Rhe1 f5 24. Be2 g5 25. Qd2 f4 26. f3 Bg6 27. h4 gxh4 28. Qxf4 Rde8 29.
Bd3 Rxe1 30. Bxe1 Rf8 31. Qe3 Qf6 32. Be2 Re8 33. Qf2 Qf4 34. c3 h3 35. Bd2 Qd6 36. Rh1 Bf8 37. Rxh3 Qa3+ 38. Ka1 c5 39. Rh1 cxd4 40. cxd4 Bb4 41. Bxb4 Qxb4 42. Bd1 Rc8 43. Qb2 Rc3 44. a3 Qxd4 45. f4 Rc1+ 46. Ka2 Bb1+ 47.
Ka1 Be4+ 48. Ka2 Rxd1 49. Rxd1 Qxd1 50. f5 Qxg4 51. Qe5+ Ka7 52. Qd4+ b6 53. a4 Bb1+ 0-1

[Event "*** Titled Tuesday Blitz"]
[Site "Chess.com"]
[Date "2020.11.10"]
[Round "9"]
[White "Algeriano22"]
[Black "TimofeevAr"]
[Result "0-1"]
[WhiteElo "2699"]
[BlackElo "2859"]
[TimeControl "180+1"]
[EndTime "11:52:56 PST"]
[Termination "TimofeevAr won on time"]

1. e4 d5 2. exd5 Nf6 3. d4 Nxd5 4. Nf3 g6 5. Be2 Bg7 6. O-O O-O 7. c4 Nf6 8. Nc3 c6 9. h3 Nbd7 10. Bf4 a5 11. Qd2 a4 12. Rfe1 Qa5 13. Bf1 Re8 14.
Rad1 Nf8 15. a3 Bf5 16. Re5 Qb6 17. c5 Qd8 18. Ree1 Ne6 19. Bh2 Nc7 20. Ne5 Ncd5 21. Nc4 b5 22. Ne5 Qc8 23. Be2 Be6 24. Bf3 Nxc3 25.
bxc3 Bd5 26. Qf4 Rf8 27. Be2 e6 28. Bd3 Nd7 29. Ng4 Qe8 30. Bg3 Qe7 31. Ne3 Bb3 32. Rc1 h6 33. Qf3 Rfc8 34. Be4 Ra6 35. Bd6 Qd8 36. Bb1 Nf6 37. Be5 Nd5 38. Ng4 h5 39.
Nh2 Bxe5 40. Rxe5 Qf6 41. Qe2 Qf4 42. Re1 Nxc3 43. Qd3 Nxb1 44. Qxb1 Bd5 45. Nf1 Qxd4 46. Ng3 h4 47. Nf1 Raa8 48. Qc1 Kg7 49. Nh2 Rh8 50.
Ng4 Raf8 51. R5e3 Rh5 52. Rd1 Qf4 53. Qc3+ e5 0-1

[Event "*** Titled Tuesday Blitz"]
[Site "Chess.com"]
[Date "2020.11.10"]
[Round "9"]
[White "nicoderboss24"]
[Black "Vsevolod_Ovchinnikov"]
[Result "0-1"]
[WhiteElo "2258"]
[BlackElo "2531"]
[TimeControl "180+1"]
[EndTime "11:52:56 PST"]
[Termination "Vsevolod_Ovchinnikov won by resignation"]

1. e4 g6 2. d4 Bg7 3. c3 d6 4. Bd3 Nf6 5. Ne2 O-O 6. O-O Nbd7 7. f4 e5 8. fxe5 dxe5 9. d5 Nc5 10. Bg5 h6 11.
Bxf6 Bxf6 12. Bc2 b6 13. b4 Nb7 14. Nd2 a5 15. a3 Nd6 16. Bd3 Bg5 17. Nc4 Qe7 18.
Ng3 Kg7 19. Nxd6 cxd6 20. c4 Be3+ 21. Kh1 Bd4 22. Rb1 axb4 23. axb4 Ra3 24. Rb3 Qa7 25.
Ne2 Be3 26. Qb1 Bd7 27. Qc2 Ra2 28. Rb2 Rxb2 29. Qxb2 Ra8 30. h3 Qa3 31. Qxa3 Rxa3 32.
Rd1 Rb3 33. b5 Ra3 34. Kh2 f5 35. g3 fxe4 36. Bxe4 Ra2 37. Bf3 e4 38. Kg2 exf3+ 39. Kxf3 Bc5 40. g4 Ra3+ 41. Kg2 Re3 42. Ng3 Rc3 43. Re1 Kf7 44. Re4 g5 45. Nh5 Re3 46.
Rxe3 Bxe3 47. Kf3 Bd4 48. Ng3 Be5 49. Ne2 Ke7 50. Nc1 Be8 51. Nd3 Bg6 52. Nb4 Kf6 53.
Nc6 Bd3 54. Na7 Bxc4 55. Nc8 Bxd5+ 56. Ke3 Bc4 57. Nxb6 Bxb5 58. Nd5+ Kg6 59. Ke4 Bc6 0-1

[Event "*** Titled Tuesday Blitz"]
[Site "Chess.com"]
[Date "2020.11.10"]
[Round "9"]
[White "Ajedrez_con_German"]
[Black "kasparicy"]
[Result "1/2-1/2"]
[WhiteElo "2532"]
[BlackElo "2400"]
[TimeControl "180+1"]
[EndTime "11:52:56 PST"]
[Termination "Game drawn by repetition"]

1. Nf3 Nf6 2. b3 g6 3. Bb2 Bg7 4. e3 d5 5. c4 c6 6. cxd5 cxd5 7.
Bb5+ Nc6 8. Ne5 O-O 9. O-O Nxe5 10. Bxe5 a6 11. Be2 b5 12. Bb2 Bb7 13. d4 Rc8 14. Nc3 Qd7 15. Rc1 Rc7 16. Ba3 Rfc8 17. Bc5 e5 18. b4 Ne4 19. Nxe4 dxe4 20. dxe5 Bxe5 21. Qxd7 Rxd7 22. Rfd1 Rcd8 23. Rxd7 Rxd7 24. Rd1 Rxd1+ 25. Bxd1 Bd5 26. a4 Bc4 27. axb5 axb5 28. Bc2 f5 29. h3 Kf7 30. f3 exf3 31. gxf3 Ke6 32. Kf2 Bd6 33.
Bxd6 Kxd6 34. h4 Ke5 35. Ke1 h6 36. f4+ Kf6 37. Kd2 g5 38. fxg5+ hxg5 39. hxg5+ Kxg5 40. Kc3 f4 41. exf4+ Kxf4 42. Kd4 Bf1 43. Kc5 Ke5 44.
Bd1 Ke6 45. Bg4+ Ke7 46. Bf3 Kd8 47. Bc6 Kc7 48. Bxb5 Bxb5 49. Kxb5 Kb7 50. Ka5 Ka7 51. Kb5 Kb7 52. Kc5 Kc7 53. Kc4 Kc6 54. Kc3 Kb5 55. Kb3 Kb6 56. Ka4 Ka6 57. b5+ Kb6 58. Kb4 Kb7 59. Kc5 Kc7 60. b6+ Kb7 61. Kb5 Kb8 62.
Ka5 Kb7 63. Kb5 Kb8 64. Kc6 Kc8 65. Kc5 Kb7 66. Kb5 1/2-1/2